 Dungeon Crawl Stone Soup version 0.23-a0-470-g6f7cfd9 (webtiles) character file.

6004 Amnesiac the Archer (level 10, -2/58 HPs)
             Began as a Deep Elf Wanderer on Nov 26, 2018.
             Was a Believer of Okawaru.
             Killed from afar by Erica (23 damage)
             ... with an orb of energy
             ... on level 8 of the Dungeon.
             The game lasted 00:15:18 (9837 turns).

Amnesiac the Archer (Deep Elf Wanderer)             Turns: 9837, Time: 00:15:19

Health: -2/58      AC: 11    Str: 12    XL:     10   Next: 56%
Magic:  14/14      EV: 14    Int: 18    God:    Okawaru [**....]
Gold:   418        SH:  0    Dex: 14    Spells: 4/12 levels left

rFire    . . .     SeeInvis +   a - +2 shortbow
rCold    . . .     Gourm    .   (shield currently unavailable)
rNeg     . . .     Faith    .   F - +4 leather armour "Syipn" {rElec}
rPois    .         Spirit   .   r - +1 hat
rElec    +         Reflect  .   H - +0 cloak
rCorr    .         Harm     .   (no gloves)
MR       +....                  v - +0 pair of boots
Stlth    ++........             (no amulet)
HPRegen  0.19/turn              q - ring of see invisible
MPRegen  0.14/turn              (no ring)

@: lethally poisoned (-2 -> -8)
A: no striking features
a: Heroism, Renounce Religion


You were on level 8 of the Dungeon.
You worshipped Okawaru.
Okawaru was pleased with you.
You were not hungry.

You visited 2 branches of the dungeon, and saw 10 of its levels.
You also visited: Sewer.

You collected 418 gold pieces.

Inventory:

Hand Weapons
 a - a +2 shortbow (weapon)
 b - a +4 scimitar
Missiles
 u - 15 arrows (quivered)
Armour
 r - a +1 hat (worn)
 v - a +0 pair of boots (worn)
 z - a +1 ring mail of poison resistance
 F - the +4 leather armour "Syipn" (worn) {rElec}
   (You found it on level 7 of the Dungeon)

   It insulates you from electricity.
 H - a +0 cloak (worn)
Jewellery
 o - an uncursed ring of ice
 q - a ring of see invisible (left hand)
 y - an uncursed ring of fire
Wands
 m - a wand of iceblast (19)
 s - a wand of clouds (1)
 C - a wand of acid (4)
Scrolls
 g - 5 scrolls of remove curse {!r}
 j - 3 scrolls of teleportation {!r}
 k - 2 scrolls of immolation {!r}
 l - 2 scrolls of magic mapping {!r}
 p - 2 scrolls of enchant armour {!r, unknown}
 A - a scroll of blinking {!r}
 B - 2 scrolls of fog {!r, unknown}
 D - a scroll of identify {!r}
Potions
 c - a potion of brilliance {!q}
 d - a potion of curing {!q}
 e - a potion of heal wounds {!q}
 i - 7 potions of might {!q}
 t - a potion of agility {!q}
 w - 3 potions of flight {!q}
 x - 2 potions of mutation {!q}
 E - a potion of degeneration {!q, unknown}
Comestibles
 f - 18 rations
 h - 12 chunks of flesh


   Skills:
 * Level 4.5 Fighting
 + Level 14.1 Bows
 * Level 4.5 Armour
 + Level 4.5 Dodging
 - Level 1.2 Stealth
 - Level 1.5 Spellcasting
 - Level 2.6 Hexes
 + Level 1.4 Invocations
 + Level 2.0 Evocations


You had 4 spell levels left.
You knew the following spells:

 Your Spells              Type           Power        Failure   Level  Hunger
a - Sticks to Snakes      Tmut           #.......     36%         2    ###....
e - Confuse               Hex            ##......     24%         3    ####...
w - Tukima's Dance        Hex            ##......     24%         3    ####...

Your spell library contained the following spells:

 Spells                   Type           Power        Failure   Level  Hunger
 Corona                   Hex            ##.....      9%          1    ##.....
 Ensorcelled Hibernation  Hex/Ice        #.....       22%         2    ###....
 Beastly Appendage        Tmut           #.....       24%         1    ##.....
 Dazzling Spray           Conj/Hex       #.....       38%         3    ####...
 Spider Form              Tmut/Pois      #.........   58%         3    ####...
 Ice Form                 Ice/Tmut       #.......     94%         4    #####..
 Blade Hands              Tmut           #.........   100%        5    ######.


Dungeon Overview and Level Annotations

Branches:
Dungeon (9/15)             Temple (1/1) D:7
   Lair: D:8-11         Orc: D:9-12

Altars:
Ashenzari
Cheibriados
Dithmenos
Elyvilon
Hepliaklqana
Kikubaaqudgha
Nemelex Xobeh
Okawaru
Qazlal
Ru
Sif Muna
Trog
Uskayaw
Vehumet
Xom
Yredelemnul
Zin
The Shining One

Shops:
D:7 *

Annotations:
D:8 Erica


Message History

a +0 dagger of chaos; a +0 robe; the human skeleton of Psyche
u - 14 arrows (gained 2)
You see here a killer bee corpse.
u - 15 arrows (gained 1)
u - 16 arrows (gained 1)
u - 20 arrows (gained 4)
You see here a wolf skeleton.
u - 22 arrows (gained 2) Erica the Fiery-Tempered comes into view.
She is wielding a +0 scimitar of Firing (i - inventory)
u - 22 arrows (quivered)
Press: ? - help, Shift-Dir - straight line, f - Erica
Aim: Erica, wielding a +0 scimitar of flaming and wearing a +2 robe (hasn't You shoot an arrow.
The arrow barely misses Erica.
Erica shouts!
Firing (i - inventory)
u - 21 arrows (quivered)
Press: ? - help, Shift-Dir - straight line, f/p - Erica
Aim: Erica, wielding a +0 scimitar of flaming and wearing a +2 robe You shoot an arrow.
The arrow barely misses Erica.
No target in view!
No target in view!
Firing (i - inventory)
u - 20 arrows (quivered)
Press: ? - help, Shift-Dir - straight line, f/p - Erica
Aim: Erica, wielding a +0 scimitar of flaming and wearing a +2 robe You shoot an arrow.
The arrow hits Erica.
Erica is lightly wounded.
Erica points at you and mumbles some strange words.
The orb of energy misses you.
Firing (i - inventory)
u - 19 arrows (quivered)
Press: ? - help, Shift-Dir - straight line, f/p - Erica
Aim: Erica, wielding a +0 scimitar of flaming and wearing a +2 robe (lightly You shoot an arrow.
The arrow hits Erica.
Erica is lightly wounded.
Evoke which item? (* to show all) (? for menu, Esc to quit)
Aiming: Cloud Cone
Press: ? - help, Dir - move target cursor, f/p - Erica
Aim: Erica, wielding a +0 scimitar of flaming and wearing a +2 robe (lightly You create a blast of freezing vapour!
Erica is engulfed in freezing vapours.
Firing (i - inventory)
u - 18 arrows (quivered)
Press: ? - help, Shift-Dir - straight line, f/p - Erica
Aim: Erica, wielding a +0 scimitar of flaming and wearing a +2 robe (freezing You shoot an arrow.
The arrow hits Erica!
Erica is heavily wounded.
Erica is engulfed in freezing vapours.
Erica gestures at you while chanting. The bolt of poison hits you!
You are poisoned.
* * * LOW HITPOINT WARNING * * *
Firing (i - inventory)
u - 17 arrows (quivered)
Press: ? - help, Shift-Dir - straight line, f/p - Erica
Aim: Erica, wielding a +0 scimitar of flaming and wearing a +2 robe (freezing You shoot an arrow.
The arrow hits Erica but does no damage.
Erica is heavily wounded.
You feel sick.
Firing (i - inventory)
u - 16 arrows (quivered)
Press: ? - help, Shift-Dir - straight line, f/p - Erica
Aim: Erica, wielding a +0 scimitar of flaming and wearing a +2 robe (freezing You shoot an arrow.
The arrow hits Erica but does no damage.
Erica is heavily wounded.
You feel sick.
Erica is engulfed in freezing vapours.
Erica points at you and mumbles some strange words.
The orb of energy hits you!
You die...

#######.......##.#.#..
#)..######.#.###
########)### #.#....
#.....##†# #.##### #
#.....##.# #......
#(#.§...##.# #######
....§§....÷###
#.§@§§.....#
####§§@....# #.......#
#.(.....# #....(..#
#..(((..# #.......#
.....≈....#
....≈≈≈...#
(....≈....#


You could see Erica.

Vanquished Creatures
  Psyche (D:8)
  A hornet (D:8)
  Prince Ribbit (D:6)
  2 hippogriffs
  Eustachio (D:6)
  Grum (D:8)
  A hungry ghost (D:8)
  Menkaure (D:4)
  Edmund (D:4)
  Duvessa (D:6)
  Purgy (D:3)
  A hornet zombie (D:6)
  2 sky beasts (D:7)
  2 ice beasts
  2 orc warriors (D:8)
  3 phantoms
  3 ogres
  3 wolves (D:8)
  4 centaurs
  2 big kobolds
  2 bullfrogs (D:8)
  A water moccasin zombie (D:8)
  Dowan (D:6)
  A scorpion (D:5)
  8 killer bees
  4 wights (D:9)
  2 howler monkeys
  An electric eel (D:8)
  4 crimson imps
  4 hounds
  2 bullfrog zombies (D:5)
  2 centaur zombies (D:5)
  6 orc priests
  A centaur skeleton (D:5)
  4 orc wizards
  2 bullfrog skeletons
  2 iguanas (D:6)
  5 worker ants
  2 hound zombies
  A hound skeleton (D:6)
  A howler monkey zombie (D:5)
  2 worker ant zombies (D:5)
  5 adders
  11 gnolls
  2 shadow imps
  2 oozes
  An adder zombie (D:5)
  3 adder skeletons
  2 worms (D:2)
  2 dart slugs (D:2)
  6 leopard geckos
  13 orcs
  5 bats
  11 giant cockroaches
  7 goblins
  7 hobgoblins
  3 jackals (D:3)
  22 kobolds
  5 quokkas
  3 ball pythons
  7 frilled lizards
  2 leopard gecko zombies (D:5)
  A quokka zombie (D:5)
  9 rats
221 creatures vanquished.

Notes
Turn   | Place    | Note
-------+----------+-------------------------------------------
     0 | D:1      | Amnesiac the Deep Elf Wanderer began the quest for the Orb.
     0 | D:1      | Amnesiac set off with the following items: a +2 shortbow,
                  | 27 arrows, a +0 ring mail, a potion of curing {!q}, a
                  | ration
     0 | D:1      | Reached XP level 1. HP: 13/13 MP: 5/5
    78 | D:1      | Reached skill level 2 in Bows
   110 | D:1      | Reached XP level 2. HP: 18/18 MP: 6/6
   562 | D:2      | Reached skill level 3 in Bows
   562 | D:2      | Reached XP level 3. HP: 13/22 MP: 7/7
   904 | D:2      | Found a snail-covered altar of Cheibriados.
   986 | D:2      | Reached skill level 4 in Bows
  1257 | D:2      | Reached XP level 4. HP: 25/27 MP: 8/8
  1818 | D:3      | Reached skill level 5 in Bows
  1951 | D:3      | Noticed Purgy
  1966 | D:3      | Killed Purgy
  1966 | D:3      | Reached skill level 6 in Bows
  1966 | D:3      | Reached XP level 5. HP: 15/31 MP: 9/9
  2178 | D:3      | Found a stormy altar of Qazlal.
  2398 | D:3      | Found a sacrificial altar of Ru.
  2491 | D:4      | Found a glowing golden altar of the Shining One.
  2540 | D:4      | Noticed Menkaure
  2547 | D:4      | Killed Menkaure
  2547 | D:4      | Reached skill level 7 in Bows
  2547 | D:4      | Reached XP level 6. HP: 8/36 MP: 10/10
  2649 | D:4      | Noticed Edmund
  2865 | D:4      | Found a glowing drain.
  2876 | Sewer    | Entered a sewer
  3276 | D:4      | Killed Edmund
  3276 | D:4      | Reached skill level 8 in Bows
  3276 | D:4      | Reached XP level 7. HP: 40/40 MP: 11/11
  3610 | D:5      | Entered Level 5 of the Dungeon
  3720 | D:5      | Found a shadowy altar of Dithmenos.
  3988 | D:5      | Reached skill level 9 in Bows
  4476 | D:5      | Reached skill level 10 in Bows
  4536 | D:5      | Reached XP level 8. HP: 30/45 MP: 12/12
  4627 | D:5      | Learned a level 2 spell: Sticks to Snakes
  4838 | D:5      | Reached skill level 11 in Bows
  5033 | D:5      | Found a deep blue altar of Sif Muna.
  5033 | D:5      | Found a basalt altar of Yredelemnul.
  5809 | D:6      | Reached skill level 12 in Bows
  5839 | D:6      | Noticed Prince Ribbit
  5844 | D:6      | HP: 1/45 [Prince Ribbit (16)]
  5846 | D:6      | Killed Prince Ribbit
  5846 | D:6      | Reached XP level 9. HP: 1/49 MP: 13/13
  6174 | D:6      | Noticed Dowan
  6177 | D:6      | Noticed Duvessa
  6322 | D:6      | Found a sparkling altar of Nemelex Xobeh.
  6347 | D:6      | Noticed Eustachio
  6402 | D:6      | Killed Eustachio
  6698 | D:6      | Killed Duvessa
  6698 | D:6      | Reached skill level 13 in Bows
  6705 | D:6      | Killed Dowan
  6876 | D:6      | Found a white marble altar of Elyvilon.
  7045 | D:6      | Found a shimmering altar of Xom.
  7134 | D:7      | Found a staircase to the Ecumenical Temple.
  7138 | Temple   | Entered the Ecumenical Temple
  7150 | Temple   | Became a worshipper of Warmaster Okawaru
  7605 | D:7      | Reached skill level 14 in Bows
  7683 | D:7      | Reached skill level 1 in Dodging
  7729 | D:7      | Reached * piety under Okawaru
  7735 | D:7      | Found a hazy altar of Hepliaklqana.
  8029 | D:7      | Got an ichor-stained leather armour
  8091 | D:7      | Found Umideph's Island Escapes.
  8164 | D:9      | Identified the +4 leather armour "Syipn" {rElec} (You found
                  | it on level 7 of the Dungeon)
  8313 | D:9      | Learned a level 3 spell: Confuse
  8317 | D:9      | Learned a level 3 spell: Tukima's Dance
  8374 | D:9      | Reached XP level 10. HP: 24/56 MP: 14/14
  8562 | D:8      | Paralysed by a hornet for 2 turns
  8576 | D:8      | Paralysed by a hornet for 2 turns
  8583 | D:8      | Paralysed by a hornet for 3 turns
  8620 | D:8      | Reached ** piety under Okawaru
  9219 | D:8      | Found a glowing silver altar of Zin.
  9470 | D:8      | Found an ancient bone altar of Kikubaaqudgha.
  9471 | D:8      | Found a hide-covered altar of Uskayaw.
  9715 | D:8      | Noticed Psyche
  9734 | D:8      | Killed Psyche
  9734 | D:8      | Reached skill level 1 in Invocations
  9784 | D:8      | Noticed Grum
  9810 | D:8      | Killed Grum
  9828 | D:8      | Noticed Erica
  9837 | D:8      | Killed from afar by Erica

Vault maps used:
D:1:      onia_arrival_larder, minmay_bisected
D:2:      kennysheep_slug_shrine
D:3:      nicolae_qazlal_eye_of_the_storm, nicolae_ru_path_of_blood,
          roderic_roman_lattice, mrwooster_statue_mirror, uniq_purgy
D:4:      tso_altar, first_ration, portal_sewer_entry_d, uniq_menkaure,
          uniq_edmund
D:5:      nicolae_overflow_crystal_walls, gammafunk_temple_overflow_wave,
          serial_undead, serial_undead_f, serial_undead_d, serial_undead_d,
          serial_undead_d, serial_park_tiny_1
D:6:      elyvilon_altar_3, nemelex_altar_shiori, tgw_xom, uniq_duvessa,
          uniq_prince_ribbit1, uniq_eustachio
D:7:      old_standard_altar, minmay_temple_entry_grid, grunt_ogre_cave,
          nicolae_island_escapes
D:8:      gammafunk_temple_overflow_pools, marbit_many_paths, lair_entry_dummy,
          uniq_erica, uniq_grum, uniq_psyche
D:9:      chequers_serial_rivers_micro_d, dk_noncrumbling_4
Temple:   compressed_dpeg_triangle_lava_temple
Sewer:    kennysheep_pipe_town

Skill      XL: |  1  2  3  4  5  6  7  8  9 10 |
---------------+-------------------------------+-----
Bows           | 2 3 4 6 7 8 10 12 14 | 14.1
Fighting       | 4 |  4.5
Dodging        | 2 4 |  4.5
Armour         | 2 4 |  4.5
Invocations    | 1 |  1.4
Evocations     | 2 |  2.0
Stealth        | |  1.2
Spellcasting   | |  1.5
Hexes          | |  2.6

Action                   |  1- 3 |  4- 6 |  7- 9 | 10-12 || total
-------------------------+-------+-------+-------+-------++-------
Melee: Unarmed           |       |     3 |       |       ||     3
       Flail             |       |       |   208 |       ||   208
       Scimitar          |       |       |       |    48 ||    48
 Fire: Shortbow          |   136 |   126 |   347 |   185 ||   794
Invok: Heroism           |       |       |       |     2 ||     2
Evoke: Wand              |       |       |     8 |    14 ||    22
  Use: Potion            |       |     5 |     3 |    10 ||    18
       Scroll            |       |       |    10 |       ||    10
 Stab: Confused          |       |       |       |     1 ||     1
  Eat: Chunk             |     1 |     6 |    16 |       ||    23
       Ration            |       |       |       |     2 ||     2
Armor: Ring mail         |    23 |    28 |   157 |       ||   208
       Skin              |       |     2 |    35 |       ||    37
       Leather armour    |       |       |    10 |    37 ||    47
Dodge: Dodged            |    29 |    31 |   191 |    89 ||   340
       Rpst.: Scimitar   |       |       |       |    16 ||    16

Table legend:
 A = Non-vault XP
 B = Vault XP
 C = Vault XP percentage of total XP
 D = Non-vault monster count
 E = Vault monster count
 F = Vault count percentage of total count
                 A         B        C        D         E       F
            +---------+---------+-------+---------+---------+-------
      Total |    5820 |    2758 |  32.2 |     162 |      59 |  26.7
            +---------+---------+-------+---------+---------+-------
        D:1 |      16 |       9 |  36.0 |      10 |       6 |  37.5
        D:2 |      70 |       4 |   5.4 |      23 |       1 |   4.2
        D:3 |      75 |     142 |  65.4 |      14 |       1 |   6.7
        D:4 |      18 |     356 |  95.2 |       4 |       3 |  42.9
        D:5 |    1195 |     305 |  20.3 |      31 |      13 |  29.5
        D:6 |     650 |     698 |  51.8 |      16 |       4 |  20.0
        D:7 |    1104 |     116 |   9.5 |      27 |       1 |   3.6
        D:8 |    2139 |     989 |  31.6 |      30 |       6 |  16.7
        D:9 |     294 |       0 |   0.0 |       6 |       0 |   0.0
     Temple |     259 |       0 |   0.0 |       1 |       0 |   0.0
      Sewer |       0 |     139 | 100.0 |       0 |      24 | 100.0
            +---------+---------+-------+---------+---------+-------
